 Dungeon Crawl Stone Soup version 0.24.0-37-gcf1ca852f1 (webtiles) character file.

Game seed: 16266428631416458392, levelgen mode: deterministic

688 Iamsoldier the Sneak (level 7, 0/47 HPs)
             Began as an Octopode Assassin on Dec 2, 2019.
             Slain by a centaur (7 damage)
             ... on level 6 of the Dungeon.
             The game lasted 00:11:02 (5881 turns).

Iamsoldier the Sneak (Octopode Assassin)            Turns: 5881, Time: 00:11:02

Health: 0/47       AC:  1    Str: 10    XL:     7   Next: 62%
Magic:  7/7        EV: 15    Int: 13    God:
Gold:   292        SH:  0    Dex: 16    Spells: 6/6 levels left

rFire    + + .     SeeInvis .   a - +3 dagger
rCold    . . .     Gourm    .   (no shield)
rNeg     . . .     Faith    .   (helmet restricted)
rPois    +         Spirit   .   (no amulet)
rElec    +         Reflect  .   (no ring)
rCorr    +         Harm     .   u - ring of fire
MR       .....                  (no ring)
Stlth    +++++.....             (no ring)
HPRegen  0.15/turn              (no ring)
MPRegen  0.10/turn              (no ring)
                                (no ring)
                                (no ring)

@: resistant, hasted, very quick
A: almost no armour, stealthy swim, amphibious, 8 rings, constrict 8, camouflage
1, gelatinous body 1
a: no special abilities


You were on level 6 of the Dungeon.
You were very hungry.

You visited 2 branches of the dungeon, and saw 7 of its levels.

You collected 292 gold pieces.

Inventory:

Hand Weapons
 a - a +3 dagger (weapon)
 f - a +0 fustibalus
Missiles
 b - 16 poisoned darts (quivered)
 c - 2 curare-tipped darts
 o - a throwing net
Jewellery
 u - a ring of fire (right tentacle)
Scrolls
 k - a scroll of teleportation
 l - 4 scrolls of identify
Potions
 e - a potion of resistance
 g - a potion of brilliance {unknown}
 h - a potion of heal wounds {unknown}
 i - a potion of berserk rage {unknown}
 j - a potion of flight {unknown}
 m - a potion of agility {unknown}
 p - a potion of lignification {unknown}
 s - a potion of magic {unknown}
Comestibles
 d - 11 rations


   Skills:
 + Level 3.9 Fighting
 * Level 5.2 Short Blades
 - Level 3.0 Throwing
 + Level 3.4 Dodging
 + Level 7.2 Stealth


You had 6 spell levels left.
You didn't know any spells.
Your spell library contained the following spells:

 Spells                   Type           Power        Failure   Level  Hunger
 Animate Skeleton         Necr           N/A          30%         1    ##.....
 Pain                     Necr           #...         30%         1    ##.....
 Regeneration             Chrm/Necr      #.........   67%         3    ####...
 Vampiric Draining        Necr           #.........   67%         3    ####...
 Animate Dead             Necr           N/A          97%         4    #####..


Dungeon Overview and Level Annotations

Branches:
Dungeon (6/15)             Temple (1/1) D:4

Altars:
Ashenzari
Elyvilon
Fedhas
Hepliaklqana
Kikubaaqudgha
Makhleb
Nemelex Xobeh
Okawaru
Qazlal
Ru
Wu Jian
Yredelemnul
Zin

Annotations:
D:3 exclusion: oklob plant
D:5 exclusion: downstairs


Innate Abilities, Weirdness & Mutations

You cannot wear most types of armour.
You are very stealthy in the water. (Stealth+)
You are amphibious.
You can wear up to eight rings at the same time.
You can use your tentacles to constrict eight enemies at once.
Your skin changes colour to match your surroundings (Stealth+).
Your rubbery body absorbs attacks. (AC +1, EV +1)


Message History

You barely miss the centaur. The centaur hits you.
* * * LOW HITPOINT WARNING * * *
You feel protected. The centaur completely misses you.
The phantom barely misses you.
You feel better. The centaur closely misses you. The phantom misses you.
You hit the centaur.
The centaur is moderately wounded.
The centaur closely misses you.
You hit the centaur but do no damage. You squeeze the centaur.
The centaur is moderately wounded.
The phantom hits you.
* * * LOW HITPOINT WARNING * * *
You hit the centaur.
The centaur is heavily wounded.
The centaur hits you.
* * * LOW HITPOINT WARNING * * *
You hit the phantom. Your squeeze misses the phantom.
The phantom is severely damaged.
The centaur hits you!
You die...

#.# .# #.# ##.# #.# #..#
#.########.#
...........#######
...#...........(.#
...#.<###...####.#
##.#..###..<####W#######
...........<.#.(@c.....#
.......#####(.(#(#####.#
.#.##..# #.###.#
...#...# #.ยง...#
.#.#.#.# #c...##
...#.#.#####....#
#......$........#
...#.###........# ##.#.#
........#


You could see a phantom (inner flame) and a centaur (inner flame).

Vanquished Creatures
  A phantom (D:5)
  A scorpion (D:4)
  2 howler monkeys (D:4)
  A crimson imp (D:5)
  A centaur skeleton (D:5)
  2 hounds (D:4)
  2 bullfrog skeletons
  Natasha (thrice) (D:3)
  2 worker ants (D:4)
  A hound skeleton (D:6)
  3 gnolls (D:2)
  A howler monkey skeleton (D:4)
  3 adders
  A shadow imp (D:2)
  An ooze (D:4)
  2 adder skeletons
  A worm (D:2)
  2 dart slugs (D:1)
  A leopard gecko (D:5)
  2 orcs (D:3)
  9 bats
  A bat zombie (D:3)
  2 giant cockroaches
  8 hobgoblins
  5 jackals
  2 quokkas
  2 frilled lizards
  7 goblins
  8 kobolds
  A leopard gecko skeleton (D:4)
  A quokka skeleton (D:4)
  4 rats
  2 rat zombies (D:3)
  A fungus (D:3)
  A plant (D:3)
87 creatures vanquished.

Vanquished Creatures (others)
  17 toadstools (D:3)
17 creatures vanquished.

Grand Total: 104 creatures vanquished

Notes
Turn   | Place    | Note
-------+----------+-------------------------------------------
     0 | D:1      | Iamsoldier the Octopode Assassin began the quest for the
                  | Orb.
     0 | D:1      | Reached XP level 1. HP: 14/14 MP: 1/1
   170 | D:1      | Reached XP level 2. HP: 14/19 MP: 2/2
   780 | D:1      | Reached XP level 3. HP: 20/24 MP: 3/3
  1321 | D:2      | Found a sparkling altar of Nemelex Xobeh.
  1343 | D:2      | Found a shattered altar of Ashenzari.
  1637 | D:2      | Reached XP level 4. HP: 30/30 MP: 4/4
  2219 | D:3      | Found an ancient bone altar of Kikubaaqudgha.
  2509 | D:3      | Found a blossoming altar of Fedhas.
  2528 | D:3      | Noticed an oklob plant
  2692 | D:3      | Reached XP level 5. HP: 35/35 MP: 5/5
  2713 | D:3      | Noticed Natasha
  2724 | D:3      | Killed Natasha
  2724 | D:3      | Reached skill level 6 in Stealth
  2949 | D:3      | Noticed Natasha
  2954 | D:3      | Killed Natasha
  3107 | D:3      | Noticed Natasha
  3116 | D:3      | Killed Natasha
  3332 | D:4      | Found a staircase to the Ecumenical Temple.
  3334 | D:4      | Reached XP level 6. HP: 42/42 MP: 6/6
  3345 | Temple   | Entered the Ecumenical Temple
  4533 | D:4      | Reached XP level 7. HP: 38/46 MP: 7/7
  4811 | D:5      | Entered Level 5 of the Dungeon
  4843 | D:5      | Reached skill level 7 in Stealth
  5062 | D:5      | Reached skill level 5 in Short Blades
  5881 | D:6      | Slain by a centaur

Levels and vault maps discovered:
D:1:      wander_arrival_desolate, layout_basic
D:2:      layout_loops_ring, lemuel_crystal_altar,
          nemelex_xobeh_ov_fountains_minmay, first_ration
D:3:      layout_loops_cross, lemuel_zombie_altar_kikubaaqudgha, tgw_fedhas,
          uniq_natasha
D:4:      layout_gridville, temple_statues
D:5:      layout_loops_ring
D:6:      layout_loops_cross, eat_drink_and_be_merry_uskayaw, serial_shops,
          nicolae_shop_trees, chequers_big_river, cheibrodos_worm_habitat
Temple:   jpeg_temple_alley_garden

Skill      XL: |  1  2  3  4  5  6  7 |
---------------+----------------------+-----
Short Blades   | 3 4 5 |  5.2
Dodging        | 2 3 |  3.4
Stealth        | 6 7 |  7.2
Fighting       | 3 |  3.9
Throwing       | 3 |  3.0

Action                   |  1- 3 |  4- 6 |  7- 9 || total
-------------------------+-------+-------+-------++-------
Melee: Dagger            |    59 |   126 |    58 ||   243
       Constrict         |    12 |    28 |     8 ||    48
       Tentacles         |     3 |    38 |    15 ||    56
  Use: Scroll            |       |     5 |     1 ||     6
       Potion            |       |       |     5 ||     5
 Stab: Sleeping          |    14 |    12 |     3 ||    29
       Distracted        |     1 |       |     2 ||     3
  Eat: Chunk             |     2 |     9 |     3 ||    14
Armor: Skin              |     4 |     5 |     2 ||    11
Dodge: Dodged            |    31 |    55 |    38 ||   124
